 Dungeon Crawl Stone Soup version 0.31-a0-640-g39d97e502b (webtiles) character file.

Game seed: 15716731034798499439

74321 rjrrt the Executioner (level 15, -18/138 HPs)
             Began as a Hill Orc Berserker on Aug 28, 2023.
             Was the Champion of Trog.
             Demolished by an orc knight
             ... wielding a +0 great mace
              (31 damage)
             ... on level 2 of the Orcish Mines.
             The game lasted 00:36:30 (21300 turns).

rjrrt the Executioner (Hill Orc Berserker)         Turns: 21300, Time: 00:36:30

Health: -18/138    AC: 25    Str: 28    XL:     15   Next: 46%
Magic:  15/15      EV: 11    Int:  7    God:    Trog [******]
Gold:   2112       SH:  0    Dex: 10    Spells: 14/14 levels left

rFire   . . .        a - +3 executioner's axe (flame)
rCold   . . .        (shield currently unavailable)
rNeg    . . .        F - +4 plate armour
rPois   +            t - +2 hat
rElec   .            e - +2 cloak
rCorr   .            (no gloves)
SInv    +            (no boots)
Will    +....        (no amulet) Stlth
                     g - ring of poison resistance
HPRegen 0.43/turn    y - ring of see invisible
MPRegen 0.14/turn

%: no passive effects
@: on berserk cooldown, slowed, very slow
A: no striking features
a: Renounce Religion, Berserk, Trog's Hand, Brothers in Arms


You were on level 2 of the Orcish Mines.
You worshipped Trog.
Trog was exalted by your worship.
You visited 3 branches of the dungeon, and saw 16 of its levels.
You also visited: Sewer.

You collected 2112 gold pieces.

Inventory:

Hand Weapons
 a - a +3 executioner's axe of flaming (weapon)
 b - a +3 trident of draining
 m - a +5 antimagic war axe
Missiles
 f - 21 boomerangs (quivered)
 r - 18 javelins
 B - 2 throwing nets
Armour
 e - a +2 cloak (worn)
 t - a +2 hat (worn)
 F - a +4 plate armour (worn)
Jewellery
 g - a ring of poison resistance (left hand)
 s - a ring of fire
 y - a ring of see invisible (right hand)
 C - an amulet of regeneration
Wands
 l - a wand of mindburst (30)
 q - a wand of polymorph (10)
 w - a wand of digging (7)
Scrolls
 h - 2 scrolls of enchant armour
 k - 9 scrolls of teleportation
 n - 2 scrolls of vulnerability
 u - 2 scrolls of fear
 v - 3 scrolls of fog
 z - a scroll of blinking
 A - a scroll of immolation
 H - a scroll of identify
Potions
 c - 8 potions of curing
 d - a potion of heal wounds
 i - 3 potions of might
 j - 2 potions of mutation
 o - 5 potions of invisibility
 p - 5 potions of enlightenment
 x - a potion of berserk rage
 D - a potion of cancellation
 E - a potion of haste
 G - a potion of lignification
 J - a potion of ambrosia


   Skills:
 + Level 14.0 Fighting
 * Level 22.7 Axes
 + Level 12.7 Armour
 + Level 9.8 Dodging
 - Level 4.0 Evocations


You had 14 spell levels left.
You didn't know any spells.
Your spell library was empty.

Dungeon Overview and Level Annotations

Branches:
Dungeon (9/15)             Temple (0/1) D:4            Lair (5/5) D:9
 Shoals (0/4) Lair:2       Spider (0/4) Lair:3        Slime (0/5) Lair:4
    Orc (2/2) D:9             Elf (0/3) Orc:2         Sewer (visited)

Altars:
Ashenzari
Cheibriados
Elyvilon
Fedhas
Gozag
Kikubaaqudgha
Okawaru
Sif Muna
Trog
Uskayaw
Vehumet
Yredelemnul
Beogh

Shops:
D:8 [   D:9 *

Annotations:
D:6 3 runed translucent doors, Plaidstone's ghost, novice DrCj


Message History

You hit the orc wizard but do no damage.
Unknown command.
You swap places.
Your cyclops hits the orc knight!
The orc knight attacks as it pursues you!
The orc knight hits you but does no damage.
The orc knight attacks as it pursues you!
The orc knight hits you with a +0 dire flail!!
* * * LOW HITPOINT WARNING * * *
The orc wizard hits your cyclops with a +0 dagger.
The orc warrior hits your cyclops with a +0 flail.
You feel a strong urge to attack something.
The orc knight no longer looks unusually strong.
Your cyclops misses the orc warrior.
The orc knight attacks as it pursues you!
The orc knight closely misses you.
The orc warrior hits your cyclops with a +0 flail!!
Unknown command.
Unknown command.
You closely miss the orc knight.
The orc knight is heavily wounded.
You completely miss the orc knight.
Unknown command.
Unknown command.
You barely miss the orc knight.
The orc knight is heavily wounded.
You closely miss the orc knight.
You are no longer berserk.
You are exhausted.
You feel yourself slow down.
The orc wizard no longer looks unusually strong.
Your cyclops hits the orc warrior!!
The orc warrior dies!
Trog accepts your kill. Trog grants you a weapon!
Something appears at your feet!
You see here the +4 executioner's axe "Copupot" {flame, Will+}.
The orc knight roars a battlecry!
The orcs go into a battle-frenzy!
The orc knight hits you with a +0 great mace!!
You die...

#.#..........._...........#...
#..........................##.#
#.......8..............8... ###
##.#.#######.........# ### ####
#.......... #..).)# #..)C)#
#8oo.8# #.@o..# # ##.....# #
#####......## ## ##..#........#
.# #........^..## #####
#.........## #.# #.....#.###
##.## ##...##.# #...##
#.[....####


You could see 2 orc knights, an orc wizard (strong, invisible) and a friendly
cyclops (summoned, berserk).

Vanquished Creatures
  An orc warlord (Orc:2)
  An ettin (Orc:2)
  Josephine (Lair:3)
  A fire dragon (Lair:5)
  3 hydras
  2 catoblepae (Lair:5)
  2 two-headed ogres (D:9)
  A death yak (Lair:4)
  A boulder beetle (Lair:3)
  An orc high priest (Orc:2)
  Urug (Orc:1)
  A swamp dragon (Lair:5)
  An ugly thing (D:8)
  2 orc sorcerers (Orc:2)
  2 manticores (Lair:5)
  4 black mambas
  16 elephants
  A torpor snail (Lair:3)
  3 gargoyles (D:8)
  4 rime drakes (Lair:5)
  Jeremiah (D:7)
  15 cane toads
  Maggie (D:7)
  2 kobold demonologists (D:9)
  11 komodo dragons
  4 trolls
  9 polar bears (Lair:5)
  A raiju (Lair:5)
  16 blink frogs
  A hornet (D:8)
  5 wraiths (Lair:3)
  2 slime creatures
  2 jumping spiders (Lair:3)
  A shadow (D:9)
  55 yaks
  8 wyverns
  Grum (D:8)
  A redback (Lair:3)
  3 basilisks
  A vampire mosquito (D:8)
  Menkaure (D:7)
  3 steam dragons (Lair:5)
  Edmund (D:4)
  10 wargs
  An acid dragon (Lair:5)
  14 hell hounds (Lair:5)
  8 water moccasins
  20 orc warriors
  13 black bears
  6 ogres
  4 centaurs
  37 wolves
  Blork the orc (Orc:2)
  5 bullfrogs
  6 kobold brigands
  3 scorpions
  7 wights
  4 howler monkeys
  6 hounds
  20 orc priests
  7 jellies
  Crazy Yiuf (D:2)
  Jessica (D:2)
  4 iguanas
  20 orc wizards
  2 hell rats (Lair:2)
  A statue (D:3)
  6 gnolls
  11 river rats
  8 adders
  A shadow imp (D:5)
  3 white imps
  3 ufetubi
  5 worms
  A dart slug (D:5)
  59 orcs
  8 endoplasms
  4 giant cockroaches
  9 goblins
  11 hobgoblins
  6 jackals
  5 quokkas
  12 ball pythons
  6 bats
  3 frilled lizards
  30 kobolds
  10 rats
596 creatures vanquished.

Vanquished Creatures (collateral kills)
  4 death yaks (Lair:5)
  An orc knight (Orc:2)
  A blink frog (Lair:2)
  2 yaks (Lair:5)
  An acid dragon (Lair:5)
  An orc warrior (Orc:2)
10 creatures vanquished.

Vanquished Creatures (others)
  An orc wizard (D:9)
1 creature vanquished.

Grand Total: 607 creatures vanquished

Notes
Turn   | Place    | Note
-------+----------+-------------------------------------------
     0 | D:1      | rjrrt the Hill Orc Berserker began the quest for the Orb.
     0 | D:1      | Reached XP level 1. HP: 19/19 MP: 1/1
   156 | D:1      | Reached XP level 2. HP: 20/26 MP: 2/2
   283 | D:1      | Reached skill level 5 in Axes
   805 | D:1      | Reached ** piety under Trog
   806 | D:1      | Reached XP level 3. HP: 29/31 MP: 3/3
  1049 | D:2      | Found a runed translucent door.
  1050 | D:2      | Noticed Crazy Yiuf
  1076 | D:2      | Killed Crazy Yiuf
  1077 | D:2      | Reached skill level 6 in Axes
  1077 | D:2      | Reached XP level 4. HP: 39/39 MP: 4/4
  1353 | D:2      | Reached skill level 7 in Axes
  1423 | D:2      | Noticed Jessica
  1432 | D:2      | Killed Jessica
  1433 | D:2      | Reached XP level 5. HP: 45/45 MP: 5/5
  1763 | D:3      | Identified the +4 ring mail of Vermicelli {Harm *Corrode
                  | Str+5}
  1960 | D:3      | Reached skill level 8 in Axes
  2086 | D:3      | Found a radiant altar of Vehumet.
  2086 | D:3      | Noticed a charred statue
  2099 | D:3      | Killed a charred statue
  2191 | D:3      | Reached *** piety under Trog
  2192 | D:3      | Reached XP level 6. HP: 51/51 MP: 6/6
  2285 | D:3      | Found a bloodstained altar of Trog.
  2515 | D:4      | Reached skill level 9 in Axes
  2674 | D:4      | Found a glowing drain.
  2719 | Sewer    | Entered a sewer
  2817 | Sewer    | Reached skill level 10 in Axes
  2860 | Sewer    | Found a white marble altar of Elyvilon.
  3142 | D:4      | Found a basalt altar of Yredelemnul.
  3159 | D:4      | Reached XP level 7. HP: 37/57 MP: 7/7
  3321 | D:4      | Noticed Edmund
  3326 | D:4      | Reached **** piety under Trog
  3342 | D:4      | Killed Edmund
  3343 | D:4      | Reached skill level 11 in Axes
  3427 | D:4      | Found a staircase to the Ecumenical Temple.
  4107 | D:5      | Entered Level 5 of the Dungeon
  4259 | D:5      | Reached XP level 8. HP: 63/66 MP: 8/8
  4307 | D:5      | Reached skill level 12 in Axes
  4389 | D:5      | Found an iron altar of Okawaru.
  4427 | D:5      | Found a blossoming altar of Fedhas.
  4875 | D:6      | Reached skill level 5 in Fighting
  5077 | D:6      | Reached skill level 13 in Axes
  5112 | D:6      | Reached XP level 9. HP: 67/74 MP: 9/9
  5531 | D:6      | Found a runed translucent gate.
  5532 | D:6      | Found a runed translucent gate.
  5532 | D:6      | Found a runed translucent gate.
  5549 | D:6      | Noticed Plaidstone's ghost (novice DrCj)
  5911 | D:7      | Reached skill level 1 in Evocations
  6136 | D:7      | Noticed Jeremiah
  6170 | D:7      | Killed Jeremiah
  6312 | D:7      | Noticed Menkaure
  6322 | D:7      | Reached skill level 5 in Armour
  6325 | D:7      | Killed Menkaure
  6326 | D:7      | Reached skill level 14 in Axes
  6478 | D:7      | Noticed Maggie
  6500 | D:7      | Killed Maggie
  6694 | D:7      | Reached XP level 10. HP: 84/84 MP: 10/10
  6835 | D:8      | Noticed a gargoyle
  6835 | D:8      | Noticed a cyan ugly thing
  7204 | D:8      | Found a white marble altar of Elyvilon.
  7209 | D:8      | Found a snail-covered altar of Cheibriados.
  7210 | D:8      | Found an ancient bone altar of Kikubaaqudgha.
  7210 | D:8      | Found a shimmering blue altar of Sif Muna.
  7223 | D:8      | Paralysed by a hornet for 2 turns
  7468 | D:8      | Found a hide-covered altar of Uskayaw.
  7474 | D:8      | Noticed a gargoyle
  7482 | D:8      | Killed a gargoyle
  7492 | D:8      | Reached skill level 15 in Axes
  7601 | D:8      | Noticed Grum
  7618 | D:8      | Killed Grum
  7858 | D:8      | Found a broken altar of Ashenzari.
  7907 | D:8      | Killed a cyan ugly thing
  7908 | D:8      | Killed a gargoyle
  7909 | D:8      | Reached skill level 5 in Dodging
  7927 | D:8      | Found Huluasy's Antique Armour Emporium.
  8059 | D:8      | Noticed a gargoyle
  8067 | D:8      | Killed a gargoyle
  8068 | D:8      | Reached XP level 11. HP: 41/94 MP: 11/11
  8105 | D:8      | Identified the +2 rapier of Nolo Contendere {elec, Stlth+}
  8423 | D:8      | Found a shimmering blue altar of Sif Muna.
  8459 | D:8      | Reached skill level 16 in Axes
  8773 | D:9      | Noticed a two-headed ogre
  8773 | D:9      | Found a staircase to the Orcish Mines.
  8905 | D:9      | Noticed a sixfirhy
  8924 | D:9      | Reached ***** piety under Trog
  9135 | D:9      | Killed a two-headed ogre
  9152 | D:9      | Found a staircase to the Lair.
  9537 | D:9      | Found an opulent altar of Gozag.
  9558 | D:9      | Noticed a two-headed ogre
  9570 | D:9      | Killed a two-headed ogre
 10418 | D:9      | Found Ubublour's Overcharged Wands.
 10527 | Lair:1   | Entered Level 1 of the Lair of Beasts
 10635 | Lair:1   | Reached skill level 17 in Axes
 11173 | Lair:1   | Reached XP level 12. HP: 64/105 MP: 12/12
 11367 | Lair:1   | Noticed an eight-headed hydra
 11389 | Lair:1   | Killed an eight-headed hydra
 11722 | Lair:1   | Reached skill level 10 in Fighting
 11722 | Lair:1   | Reached skill level 18 in Axes
 11722 | Lair:1   | Reached XP level 13. HP: 114/114 MP: 13/13
 11998 | Lair:1   | Reached skill level 19 in Axes
 12799 | Lair:2   | Reached skill level 10 in Armour
 12953 | Lair:2   | Found a staircase to the Shoals.
 13013 | Lair:2   | Found the +4 robe of Augmentation {Str+4 Int+4 Dex+4}
 13588 | Lair:3   | Received a gift from Trog
 13949 | Lair:3   | Identified the +4 ring mail of the Dragon {Dex+2}
 14132 | Lair:3   | Found a hole to the Spider Nest.
 14778 | Lair:3   | Noticed Josephine
 14794 | Lair:3   | Reached skill level 20 in Axes
 14805 | Lair:3   | Killed Josephine
 15449 | Lair:4   | Reached XP level 14. HP: 91/126 MP: 14/14
 15455 | Lair:4   | Found a staircase to the Slime Pits.
 16543 | Lair:5   | Entered Level 5 of the Lair of Beasts
 16717 | Lair:5   | Reached skill level 21 in Axes
 17573 | Lair:5   | Received a gift from Trog
 18364 | Lair:5   | Reached skill level 22 in Axes
 18364 | Lair:5   | Reached XP level 15. HP: 136/136 MP: 15/15
 19396 | Orc:1    | Entered Level 1 of the Orcish Mines
 19409 | Orc:1    | Received a gift from Trog
 19425 | Orc:1    | Noticed Urug
 19433 | Orc:1    | Killed Urug
 19779 | Orc:1    | Found a bloodstained altar of Trog.
 20207 | Orc:2    | Entered Level 2 of the Orcish Mines
 20591 | Orc:2    | Found a staircase to the Elven Halls.
 20807 | Orc:2    | Noticed Blork the orc
 20813 | Orc:2    | Killed Blork the orc
 20934 | Orc:2    | Reached ****** piety under Trog
 20943 | Orc:2    | Noticed an orc warlord
 20944 | Orc:2    | Found a roughly hewn altar of Beogh.
 21120 | Orc:2    | Killed an orc warlord
 21300 | Orc:2    | Identified the +4 executioner's axe "Copupot" {flame,
                  | Will+} (Trog gifted it to you on level 2 of the Orcish
                  | Mines)
 21300 | Orc:2    | Received a gift from Trog
 21300 | Orc:2    | Demolished by an orc knight

Illustrated notes

Levels and vault maps discovered:
D:1:      dpeg_arrival_rhombi, layout_basic, item_on_display_b
D:2:      layout_rooms, minmay_misc_feat_pillars, hex_tiny, corexii_shack,
          uniq_jessica, uniq_crazy_yiuf_cottage
D:3:      layout_rooms, trog_hazing_becter, vehumet_statue
D:4:      layout_loops_corners, lemuel_tele_altar, temple_hall,
          cheibrodos_sewer_entry_bend, kennysheep_dice, uniq_edmund
D:5:      layout_rooms, mainiacjoe_overflow_catwalk, kennysheep_mini_moat,
          grunt_ministairs_1, nicolae_titane
D:6:      layout_loops_ring, ebering_ghost_rock_garden, grunt_ministairs_10
D:7:      layout_cave_pools, uniq_maggie, uniq_menkaure, uniq_jeremiah
D:8:      minmay_the_grid_octo_triangle [minmay_the_grid_octo_teeth,
          minmay_the_grid_octo_prize_single_spiral,
          minmay_the_grid_octo_shrine], layout_basic,
          nicolae_uskayaw_murder_on_the_dancefloor, marbit_many_paths,
          nicolae_sif_muna_condensation, serial_shops,
          nicolae_shop_getting_attention, uniq_grum
D:9:      layout_cave_pods, mainiacjoe_overflow_six_doors_small,
          erik_lair_orcish_takeover, david_orc_3,
          chequers_serial_rivers_small_b, nicolae_shop_overcharged_wands
Lair:1:   layout_regular_city, dreamdust_mushroom_princess,
          grunt_forest_small_clearings
Lair:2:   layout_gridlike, shoals_dummy_entry, kennysheep_rathole
Lair:3:   layout_cave_pods, spider_nest_entry_a, infiniplex_staircase_pool,
          uniq_josephine
Lair:4:   layout_regular_city, nicolae_slime_entry_field_trip,
          beast_lair_carwin_1, infiniplex_staircase_pool_2, serial_bayou_shore_b
Lair:5:   hangedman_lair_caniforms_friends, layout_gridlike,
          guppyfry_lair_end_dragon, grunt_megastairs_3
Orc:1:    layout_caves, basic_altar, nicolae_orc_pool_cavern, uniq_urug
Orc:2:    grunt_orc_cross, layout_diamond_mine

Skill      XL: |  1  2  3  4  5  6  7  8  9 10 11 12 13 14 15 |
---------------+----------------------------------------------+-----
Axes           | 5 6 7 8 10 11 13 14 15 17 18 20 22 | 22.7
Fighting       | 5 6 8 9 10 12 13 14 | 14.0
Dodging        | 3 4 5 6 7 8 9 |  9.8
Armour         | 4 5 6 8 9 10 12 | 12.7
Evocations     | 2 4 |  4.0

Action                     |  1- 3 |  4- 6 |  7- 9 | 10-12 | 13-15 || total
---------------------------+-------+-------+-------+-------+-------++-------
  Melee: Hand axe          |    80 |   211 |   321 |    56 |       ||   668
         Punch             |       |     1 |     8 |       |       ||     9
         Battleaxe         |       |       |       |   330 |   593 ||   923
         Trident           |       |       |       |     9 |     8 ||    17
         War axe           |       |       |       |       |    18 ||    18
         Executioner's axe |       |       |       |       |   290 ||   290
 Invoke: Berserk           |     1 |     4 |     6 |    13 |     6 ||    30
         Brothers in Arms  |       |       |       |       |     4 ||     4
         Trog's Hand       |       |       |       |       |     1 ||     1
  Evoke: Wand              |       |       |       |       |     3 ||     3
    Use: Scroll            |     4 |     9 |     5 |     5 |     8 ||    31
         Potion            |       |       |       |     1 |       ||     1
   Stab: Distracted        |       |       |       |       |     2 ||     2
         Petrified         |       |       |       |       |     1 ||     1
 Armour: Animal skin       |    20 |    17 |       |       |       ||    37
         Scale mail        |       |    93 |    29 |       |       ||   122
         Chain mail        |       |       |    92 |       |       ||    92
         Plate armour      |       |       |    23 |   271 |   543 ||   837
  Dodge: Dodged            |    43 |   123 |   117 |   125 |   409 ||   817

Table legend: (Time is in decaauts)
 A = Elapsed time spent in this place.
 B = Non-inter-level travel time spent in this place.
 C = Inter-level travel time spent in this place.
 D = Time resting spent in this place.
 E = Time spent auto-exploring this place.
 F = Levels seen in this place.
 G = Mean time per level.
                   A        B        C        D        E       F      G
               +--------+--------+--------+--------+--------+-----+--------+
         Total |  21253 |  20663 |    590 |   4351 |  11035 |  17 | 1250.2 |
       Dungeon |  10337 |  10012 |    325 |   1796 |   5858 |   9 | 1148.6 |
          Lair |   8734 |   8521 |    213 |   2378 |   4176 |   5 | 1746.8 |
  Orcish Mines |   1872 |   1821 |     51 |    176 |    862 |   2 |  936.0 |
         Sewer |    308 |    308 |      0 |      0 |    138 |   1 |  308.0 |
               +--------+--------+--------+--------+--------+-----+--------+

Top non-repeatable levels by time:
  Lair:5: 2672 daAuts
  Lair:1: 1912 daAuts
     D:8: 1874 daAuts
     D:9: 1745 daAuts
  Lair:3: 1708 daAuts
     D:4: 1341 daAuts
  Lair:4: 1320 daAuts
  Lair:2: 1119 daAuts
     D:6: 1104 daAuts
     D:7: 1074 daAuts
   Orc:2: 1001 daAuts
     D:1: 923 daAuts
   Orc:1: 871 daAuts
     D:2: 843 daAuts
     D:3: 774 daAuts
